 Dungeon Crawl Stone Soup version 0.29.1-15-g9cfb28693d (webtiles) character file.

Game seed: 6102147045786445996

4332 fleeber the Carver (level 10, -5/84 HPs)
             Began as a Merfolk Gladiator on Mar 8, 2023.
             Was a Believer of Ashenzari.
             Shot with an arrow by a centaur warrior (9 damage)
             ... on level 9 of the Dungeon on Mar 11, 2023.
             The game lasted 00:34:39 (13129 turns).

fleeber the Carver (Merfolk Gladiator)             Turns: 13129, Time: 00:34:39

Health: -5/84      AC: 10    Str: 15    XL:     10   Next: 33%
Magic:  10/10      EV: 19    Int: 14    God:    Ashenzari [**....]
Gold:   454        SH:  0    Dex: 19    Spells: 9/9 levels left

rFire   + . .      SeeInvis +   a - +0 long sword
rCold   . . .      Faith    .   (no shield)
rNeg    . . .      Spirit   .   n - +0 scale mail "Cursed Together" {Evo, Cun} (curse)
rPois   .          Reflect  .   c - +0 helmet "Omission of Ashenzari" {Melee, Comp} (curse)
rElec   .          Harm     .   v - +2 cloak of Ashenzari's Portent {Evo, Self} (curse)
rCorr   .          Rampage  .   (no gloves)
Will    .....                   (boots currently unavailable)
Stlth   +.........              (no amulet)
HPRegen 0.24/turn               C - ring of protection from fire
MPRegen 0.12/turn               D - +6 ring of intelligence

@: about to teleport, very quick
A: nimble swimmer 2, mertail
a: Renounce Religion, Curse Item, Shatter the Chains


You were on level 9 of the Dungeon.
You worshipped Ashenzari.
Ashenzari was pleased with you.
You visited 1 branch of the dungeon, and saw 9 of its levels.

You collected 499 gold pieces.
You spent 45 gold pieces at shops.

Inventory:

Hand Weapons
 a - a +0 long sword (weapon)
 o - the +12 short sword "Ittuipant" {venom, rC- Int+5 Dex+2}
   (You found it on level 8 of the Dungeon)

   It poisons the flesh of those it strikes.
   Int:       It affects your intelligence (+5).
   Dex:       It affects your dexterity (+2).
   rC:        It makes you vulnerable to cold.
Missiles
 d - 3 throwing nets
 e - 6 javelins
 g - 92 stones (quivered)
 A - 7 poisoned darts
Armour
 c - the cursed +0 helmet "Omission of Ashenzari" (worn) {Melee, Comp}

   It has a curse which improves the following skills: Melee Combat: Short
   Blades, Long Blades, Axes, Maces & Flails, Polearms, Staves and Unarmed
   Combat.
   Companions: Summonings and Necromancy.
 n - the cursed +0 scale mail "Cursed Together" (worn) {Evo, Cun}
   (You found it on level 3 of the Dungeon)

   It has a curse which improves the following skills: Evocations: Evocations.
   Cunning:   Dodging and Stealth.
 v - the cursed +2 cloak of Ashenzari's Portent (worn) {Evo, Self}
   (You bought it in a shop on level 4 of the Dungeon)

   It has a curse which improves the following skills: Evocations: Evocations.
   Introspection: Fighting and Spellcasting.
Jewellery
 C - a ring of protection from fire (left hand)
 D - a +6 ring of intelligence (right hand)
Wands
 x - a wand of flame (22)
Scrolls
 b - 3 scrolls of magic mapping
 f - 3 scrolls of teleportation
 i - 9 scrolls of identify
 j - 3 scrolls of immolation
 k - a scroll of poison
 l - a scroll of fear
 r - 2 scrolls of noise
 t - a scroll of amnesia
 u - a scroll of blinking
 w - a scroll of enchant armour
 y - 2 scrolls of silence
Potions
 h - a potion of curing
 m - a potion of brilliance
 p - 2 potions of haste
 q - 4 potions of mutation
 z - a potion of flight
 B - a potion of magic
 F - 3 potions of berserk rage


   Skills:
 + Level 8.4(9.7) Fighting
 - Level 12.8(14.0) Long Blades
 - Level 2.0 Throwing
 + Level 10.5(11.7) Dodging
 + Level 0.0(0.1) Stealth
 + Level 0.0(0.2) Evocations


You had 9 spell levels left.
You didn't know any spells.
Your spell library contained the following spells:

 Spells                   Type           Power      Damage    Failure   Level
 Ice Form                 Ice/Tmut       0%         N/A       100%        4
 Summon Lightning Spire   Summ/Air       0%         N/A       100%        4
 Maxwell's Capacitive Co  Air            0%         ∞         100%        8


Dungeon Overview and Level Annotations

Branches:
Dungeon (9/15)             Temple (0/1) D:6
   Lair: D:8-11         Orc: D:9-12

Altars:
Ashenzari
Cheibriados
Elyvilon
Fedhas
Gozag
Hepliaklqana
Makhleb
Sif Muna
Trog
Vehumet
Wu Jian

Shops:
D:4 [   D:6 (

Annotations:
D:3 1 runed translucent door, Darius099's ghost, amateur TrMo
D:6 exclusion: downstairs


Innate Abilities, Weirdness & Mutations

You are very nimble when in or above water. (Stealth+, EV+, Speed+++)
Your lower body shifts to a powerful aquatic tail in water.


Message History

As you read the scroll of teleportation, it crumbles to dust.
You feel strangely unstable.
The gargoyle hurls a stone arrow at you.
The stone arrow misses you.
The stone arrow hits the basilisk!
The basilisk barely misses you.
Blink to where?
Press: ? - help, Dir - move target
As you read the scroll of blinking, it crumbles to dust.
There is a stone staircase leading up here.
You stop ascending the stairs.
Your surroundings suddenly seem different.
Your legs become a tail as you dive into the water.
Floosh!
A centaur warrior and a troll come into view.
Found a +0 leather armour.
The troll shouts!
You hear a shout! x2
The centaur warrior wields a +0 longbow.
The centaur warrior shoots an arrow.
The arrow hits you!
* * * LOW HITPOINT WARNING * * *
Okay, then.
As you read the scroll of teleportation, it crumbles to dust.
You feel strangely unstable.
Okay, then.
Aiming: Throw Flame
Press: ? - help, Shift-Dir - straight line, f - centaur warrior
Aim: a centaur warrior, wielding a +0 longbow (77% to hit)
The centaur warrior shoots an arrow.
The arrow closely misses you.
Aiming: Throw Flame
Press: ? - help, Shift-Dir - straight line, f/p - centaur warrior
Aim: a centaur warrior, wielding a +0 longbow (77% to hit)
The puff of flame misses the centaur warrior.
The centaur warrior shoots an arrow.
The arrow completely misses you.
Okay, then.
Aiming: Throw Flame
Press: ? - help, Shift-Dir - straight line, f/p - centaur warrior
Aim: a centaur warrior, wielding a +0 longbow (77% to hit)
The puff of flame hits the centaur warrior.
The centaur warrior is lightly wounded.
The centaur warrior shoots an arrow.
The arrow hits you!
You die...

, ........ * *
#............## *
..............# *
,...............
,
,,....c..........
*
,...............
, .....§§§⌠......
* ......§≈.......
......≈@....... *
* .....⌠..T...[..
,...............
* ...............
* ...............
* ..............#
* #............##
##..........## ,
, , *


You could see a centaur warrior and a troll.

Vanquished Creatures
  3 hornets
  2 wraiths
  A basilisk (D:8)
  Edmund (D:5)
  An orc warrior (D:6)
  A black bear (D:4)
  An ice beast (D:5)
  3 ogres
  2 lemures (D:8)
  2 phantoms
  2 kobold brigands
  2 bullfrogs (D:6)
  A gnoll sergeant (D:7)
  A scorpion (D:7)
  Dowan (D:5)
  10 killer bees
  4 howler monkeys
  4 hounds
  2 gnoll boudas (D:5)
  4 jellies
  5 orc priests
  6 iguanas
  15 orc wizards
  26 gnolls
  11 adders
  5 worms
  2 dart slugs (D:1)
  44 orcs
  6 ball pythons
  5 bats
  8 endoplasms
  3 giant cockroaches
  7 goblins
  9 hobgoblins
  13 jackals
  2 quokkas
  6 frilled lizards
  18 kobolds
  6 rats
  A spectral hobgoblin (D:7)
246 creatures vanquished.

Vanquished Creatures (others)
  A wizard (D:4)
  A butterfly (D:4)
  A plant (D:5)
  2 withered plants (D:3)
5 creatures vanquished.

Grand Total: 251 creatures vanquished

Notes
Turn   | Place    | Note
-------+----------+-------------------------------------------
     0 | D:1      | fleeber the Merfolk Gladiator began the quest for the Orb.
     0 | D:1      | Reached XP level 1. HP: 16/16 MP: 1/1
   368 | D:1      | Reached skill level 4 in Long Blades
   368 | D:1      | Reached XP level 2. HP: 21/23 MP: 2/2
   822 | D:1      | Reached XP level 3. HP: 28/28 MP: 3/3
  1798 | D:2      | Reached XP level 4. HP: 33/34 MP: 4/4
  1827 | D:2      | Reached skill level 5 in Long Blades
  2217 | D:2      | Reached skill level 5 in Dodging
  2563 | D:2      | Found a broken altar of Ashenzari.
  2569 | D:2      | Became a worshipper of Ashenzari the Shackled
  2627 | D:3      | Found a runed translucent door.
  2627 | D:3      | Noticed Darius099's ghost (amateur TrMo)
  2671 | D:3      | Reached XP level 5. HP: 29/41 MP: 5/5
  3722 | D:3      | Reached skill level 6 in Long Blades
  3722 | D:3      | Reached XP level 6. HP: 30/48 MP: 6/6
  4554 | D:4      | Reached * piety under Ashenzari
  4585 | D:4      | Noticed a black bear
  4602 | D:4      | Killed a black bear
  4847 | D:4      | Found a white marble altar of Elyvilon.
  4855 | D:4      | Reached skill level 7 in Long Blades
  4855 | D:4      | Reached XP level 7. HP: 36/55 MP: 7/7
  5056 | D:4      | Found a bloodstained altar of Trog.
  5057 | D:4      | Noticed a wizard
  5063 | D:4      | Killed a wizard
  5365 | D:4      | Found Yntestrud's Armour Shoppe.
  5376 | D:4      | Bought a +0 cloak for 45 gold pieces
  5549 | D:4      | Found a shimmering blue altar of Sif Muna.
  5653 | D:5      | Entered Level 5 of the Dungeon
  5952 | D:4      | Reached skill level 5 in Fighting
  5952 | D:4      | Reached skill level 8 in Long Blades
  6303 | D:5      | Reached XP level 8. HP: 55/62 MP: 8/8
  6346 | D:5      | Reached ** piety under Ashenzari
  6743 | D:5      | Noticed Edmund
  6757 | D:5      | Killed Edmund
  6758 | D:5      | Reached skill level 9 in Long Blades
  7595 | D:5      | Noticed Dowan
  7595 | D:5      | Noticed Duvessa
  7603 | D:5      | Noticed Duvessa
  7603 | D:5      | Duvessa changed into Duvessa the worm
  7608 | D:5      | Killed Duvessa the worm
  7621 | D:5      | Killed Dowan
  7805 | D:5      | Reached skill level 10 in Long Blades
  7890 | D:5      | Reached XP level 9. HP: 60/73 MP: 9/9
  8007 | D:5      | Noticed Sigmund
  8009 | D:5      | Noticed Sigmund
  8009 | D:5      | Sigmund changed into Sigmund the howler monkey
  8015 | D:5      | Killed Sigmund the howler monkey
  8795 | D:6      | Found an ornate altar of the Wu Jian Council.
  8901 | D:6      | Found a staircase to the Ecumenical Temple.
  9424 | D:6      | Found a radiant altar of Vehumet.
  9450 | D:6      | Reached skill level 11 in Long Blades
  9557 | D:6      | Found Koorph's Antique Weapon Emporium.
  9667 | D:6      | Identified the Papyrus of Floating Moulding
  9750 | D:7      | Found a blossoming altar of Fedhas.
 10015 | D:7      | Found a burning altar of Makhleb.
 10353 | D:7      | Found a hazy altar of Hepliaklqana.
 10553 | D:7      | Found an opulent altar of Gozag.
 10759 | D:7      | Identified the +0 chain mail of Zealous Awe {rPois rN+
                  | Will- rCorr}
 11535 | D:8      | Noticed Pikel
 11536 | D:8      | Noticed Pikel
 11536 | D:8      | Pikel changed into Pikel the basilisk
 11554 | D:8      | Killed Pikel the basilisk
 11555 | D:8      | Reached skill level 12 in Long Blades
 11660 | D:8      | Reached XP level 10. HP: 79/83 MP: 10/10
 11728 | D:8      | Reached skill level 10 in Dodging
 11932 | D:8      | Identified the +12 short sword "Ittuipant" {venom, rC-
                  | Int+5 Dex+2}
 12041 | D:8      | Found a snail-covered altar of Cheibriados.
 12158 | D:8      | Paralysed by a hornet for 1 turns
 12510 | D:9      | Paralysed by a hornet for 3 turns
 13076 | D:9      | Noticed a gargoyle
 13125 | D:9      | Noticed a centaur warrior
 13125 | D:9      | HP: 3/84 [centaur warrior/arrow (14)]
 13129 | D:9      | Shot with an arrow by a centaur warrior

Illustrated notes

Levels and vault maps discovered:
D:1:      evilmike_arrival_fibonacci_small, layout_loops_ring,
          kennysheep_pointless_box, minmay_box_of_dots
D:2:      minmay_evil_eye, layout_loops_ring, basic_altar, eino_tiny_chamber
D:3:      layout_basic, gammafunk_ghost_grave, serial_corexii_hall,
          chequers_hall_statues_corner_a, corexii_hall_statues_x,
          chequers_hall_statues_wall_a, chequers_hall_statues_wall_a
D:4:      layout_loops_ring, lemuel_blue_sif_altar,
          nicolae_elyvilon_peaceful_grove, trog_wizard, serial_shops,
          shop_statue
D:5:      lemuel_castle_with_subvaults [lemuel_castle_interior_carwin_3],
          layout_basic, serial_park_tiny_pond, grunt_ministairs_8, uniq_sigmund,
          uniq_duvessa, uniq_edmund
D:6:      layout_gridville, vehumet_altar_wand_db,
          mainiacjoe_overflow_six_doors_small, minmay_temple_entry_waves,
          serial_shops, shop
D:7:      layout_rooms, kennysheep_little_box, mainiacjoe_overflow_boulevard,
          nicolae_hepliaklqana_monster_ancestors, grunt_gozag_breadcrumbs
D:8:      layout_basic, slow_altar_2, grunt_decor_arrowhead,
          nicolae_kite_square_tiling_tiny, uniq_pikel
D:9:      kennysheep_big_flooded_room, layout_loops_corners

Skill      XL: |  1  2  3  4  5  6  7  8  9 10 |
---------------+-------------------------------+-----
Long Blades    | 4 5 6 7 8 10 12 | 12.8
Fighting       | 3 4 5 6 7 8 |  8.4
Dodging        | 5 6 7 8 9 10 | 10.5
Throwing       | |  2.0

Action                   |  1- 3 |  4- 6 |  7- 9 | 10-12 || total
-------------------------+-------+-------+-------+-------++-------
Melee: Long sword        |   115 |   177 |   599 |   123 ||  1014
       Punch             |     1 |       |     8 |     2 ||    11
       Tailslap          |       |       |     4 |       ||     4
Throw: Stone             |       |       |     4 |       ||     4
Invok: Curse Item        |       |     2 |     1 |       ||     3
Evoke: Wand              |       |       |     9 |     4 ||    13
  Use: Scroll            |       |       |     2 |     3 ||     5
       Potion            |       |       |     5 |     4 ||     9
 Stab: Sleeping          |     2 |     1 |       |       ||     3
Armor: Leather armour    |    26 |    10 |       |       ||    36
       Scale mail        |       |    68 |   183 |    40 ||   291
Dodge: Dodged            |    85 |   154 |   411 |    93 ||   743
